 Dungeon Crawl Stone Soup version 0.20.0-10-g0535bb4 (webtiles) character file.

2902246 freekh the Conqueror (level 27, 245/245 HPs)
             Began as a Minotaur Berserker on June 6, 2017.
             Was the Champion of Trog.
             Escaped with the Orb
             ... and 4 runes!
             The game lasted 04:02:41 (52384 turns).

freekh the Conqueror (Minotaur Berserker)          Turns: 52384, Time: 04:02:41

Health: 245/245    AC: 41    Str: 23 (26) XL:     27
Magic:  20/20      EV: 24    Int: 14 (15) God:    Trog [******]
Gold:   4762       SH: 27    Dex: 19      Spells: 26/26 levels left

rFire    + + +     SeeInvis .   U - +9 broad axe (vamp)
rCold    + . .     Gourm    .   B - +1 large shield of the Gate {-Cast rPois rCorr Int+4}
rNeg     . . .     Faith    .   A - +0 gold dragon scales
rPois    +         Spirit   .   N - +2 hat
rElec    +         Reflect  .   y - +2 cloak {+Inv}
rCorr    +         Harm     .   D - +1 pair of gloves of the Elephant {rF+ Str-2 Int+5 Dex+2}
MR       +++..     NoCast   +   R - +2 pair of boots
Stlth    ..........             E - amulet of regeneration
Regen    0.9/turn               L - ring "Uklujuom" {rElec rPois rF+ MR+ Stlth+}
MPRegen  0.2/turn               t - ring of the Past {EV+4 Str+4 Int+4}

@: drained
A: retaliatory headbutt, horns 2, thin metallic scales 1, blurry vision 2,
clumsy 1, deterioration 1, dopey 1, frail 1, low mp 2, screaming 1, weak 1,
MP-powered wands
0: Orb of Zot
}: 4/15 runes: serpentine, barnacled, slimy, silver
a: Berserk, Trog's Hand, Brothers in Arms, Burn Spellbooks, Renounce Religion,
Evoke Invisibility


You escaped.
You worshipped Trog.
Trog was exalted by your worship.
You were not hungry.

You visited 10 branches of the dungeon, and saw 54 of its levels.
You also visited: Labyrinth and Ice Cave.

You collected 7517 gold pieces.
You spent 2755 gold pieces at shops.

Inventory:

Hand Weapons
 v - a +8 executioner's axe of protection
 S - a +7 vampiric battleaxe
 U - a +9 vampiric broad axe (weapon)
 Y - a +9 antimagic broad axe
Missiles
 h - 10 tomahawks of returning (quivered)
Armour
 y - a +2 cloak of invisibility (worn)
 A - +0 gold dragon scales (worn)
 B - the +1 large shield of the Gate (worn) {-Cast rPois rCorr Int+4}
   (You found it on level 8 of the Dungeon)

   It affects your intelligence (+4).
   It protects you from poison.
   It prevents spellcasting.
   It protects you from acid and corrosion.
 D - the +1 pair of gloves of the Elephant (worn) {rF+ Str-2 Int+5 Dex+2}
   (You acquired it on level 2 of the Orcish Mines)

   It affects your strength (-2).
   It affects your intelligence (+5).
   It affects your dexterity (+2).
   It protects you from fire.
 N - a +2 hat (worn)
 R - a +2 pair of boots (worn)
Jewellery
 t - the ring of the Past (right hand) {EV+4 Str+4 Int+4}
   (You found it on level 4 of the Shoals)

   [ring of evasion]

   It affects your evasion (+4).
   It affects your strength (+4).
   It affects your intelligence (+4).
 E - an amulet of regeneration (around neck)
 L - the ring "Uklujuom" (left hand) {rElec rPois rF+ MR+ Stlth+}
   (You took it off a deep elf annihilator on level 4 of the Depths)

   [ring of protection from magic]

   It protects you from fire.
   It insulates you from electricity.
   It protects you from poison.
   It affects your resistance to hostile enchantments.
   It makes you more stealthy.
Wands
 g - a wand of scattershot (3/9)
 o - a wand of enslavement (7/24)
 q - a wand of disintegration (12/24)
 M - a wand of clouds (5/9)
 W - a wand of acid (7/15)
 X - a wand of iceblast (7/15)
Scrolls
 e - 15 scrolls of remove curse
 i - a scroll of holy word
 j - 5 scrolls of identify
 r - 9 scrolls of fog
 s - 34 scrolls of teleportation
 u - 13 scrolls of magic mapping
 C - 14 scrolls of fear
 G - 5 scrolls of silence
 J - 10 scrolls of blinking
 K - 10 scrolls of recharging
 T - a scroll of summoning
Potions
 a - 7 potions of might
 d - 11 potions of flight
 f - 4 potions of resistance
 k - 5 potions of haste
 l - 18 potions of curing
 m - 8 potions of berserk rage
 p - 5 potions of heal wounds
 F - 3 potions of ambrosia
 H - 7 potions of agility
 I - 2 potions of invisibility
 Z - 3 potions of cancellation
Miscellaneous
 z - a lamp of fire
 O - a phial of floods
 Q - 5 boxes of beasts
Comestibles
 b - 24 meat rations
 c - 28 bread rations
 n - 22 fruits
 w - 21 royal jellies


   Skills:
 O Level 27(26.8) Fighting
 + Level 25.0(24.9) Axes
 * Level 25.4(25.2) Armour
 * Level 24.6(24.4) Dodging
 - Level 25.8(25.6) Shields
   Level 2.2(2.1) Summonings
 - Level 5.1(5.0) Evocations


You had 26 spell levels left.
You didn't know any spells.

Dungeon Overview and Level Annotations

Branches:
Dungeon (15/15)            Temple (0/1) D:7            Lair (6/6) D:9
 Shoals (4/4) Lair:3        Snake (4/4) Lair:3        Slime (5/5) Lair:5
    Orc (2/2) D:11            Elf (3/3) Orc:2        Vaults (5/5) D:14
  Crypt (0/3) Vaults:2     Depths (5/5) D:15            Zot (5/5) Depths:5

Altars:
Elyvilon
Kikubaaqudgha
Vehumet
Yredelemnul
Zin
The Shining One

Shops:
D:6 =   D:8 (   Orc:1 *   Orc:2 (?}*   Elf:1 *   Shoals:1 ?   Shoals:3 }
Shoals:4 =   Snake:1 :   Vaults:1 [   Vaults:2 ?

Portals:
Hell: Depths:1 Depths:2 Depths:3 Depths:4 Depths:5
Abyss: Depths:4
Pandemonium: Depths:2 Depths:3 Depths:5
Ziggurat: Depths:3

Annotations:
Depths:1 2 runed doors
Depths:5 3 runed doors


Innate Abilities, Weirdness & Mutations

You reflexively headbutt those who attack you in melee.
You have a pair of horns on your head.
You are partially covered in thin metallic scales. (AC +2)
Scrolls take you longer to read.
You are clumsy. (Dex -2)
Your body sometimes deteriorates upon taking damage.
You are dopey. (Int -2)
You are frail. (-10% HP)
Your magical capacity is very low. (-20% MP)
You occasionally shout uncontrollably at your foes.
You are weak. (Str -2)
You expend magic power (3 MP) to strengthen your wands.


Message History

You shout at the sixfirhy!
The cacodemon gestures at the rock wall.
Some rock shatters into small pieces.
You block the sixfirhy's attack. The sixfirhy completely misses you.
You furiously retaliate!
You headbutt the sixfirhy, but do no damage.
You block the sixfirhy's attack. You block the sixfirhy's attack. x2
You block the sixfirhy's attack.
There is a stone staircase leading up here.
You climb upwards.
There is a stone staircase leading down here.
Your extra speed is starting to run out.
There is an open door here.
You feel the effects of Trog's Hand fading.
You feel yourself slow down.
Your skin stops crawling.
You feel less resistant to hostile enchantments.
There is a staircase leading out of the dungeon here.
You have escaped!

...###...#......# #
.........#......# #########
.........#......# #........
......(....)....#########........
........................'........
#.....##...########.#####........
#.##.......#.....##.#####........
#.##....(..#.....##.##...........
#.##............@##.##.##........
#.##.......#.....##.##.##........
#..+.......#.....##.##.###'###...
####.......########..#.....# #...
##########.# ########## #...
#....# #.####### ######## #...
#+##'#####.......# #......######
........########.# #......+.....
...............#.# #......######


There were no monsters in sight!

Vanquished Creatures
  the Royal Jelly (Slime:5)
  Dissolution (Slime:5)
  7 orbs of fire (Zot:5)
  Mara (Shoals:4)
  7 ancient liches
  A juggernaut (Depths:4)
  Sojobo (Depths:2)
  Boris (Depths:5)
  3 pandemonium lords
  Vashnia (Snake:3)
  Margery (Depths:3)
  Xtahua (Vaults:5)
  9 caustic shrikes (Depths:2)
  5 Killer Klowns
  12 golden dragons
  Nikola (Depths:2)
  A bone dragon (Depths:5)
  Jorgrun (Vaults:3)
  An electric golem (Zot:5)
  2 Hell Sentinels
  11 tentacled monstrosities
  Rupert (D:14)
  27 Orb Guardians
  4 titans (Vaults:5)
  2 liches
  3 deep elf blademasters
  10 quicksilver dragons
  4 deep elf master archers (Elf:3)
  8 death cobs
  Polyphemus (Shoals:4)
  16 acid blobs
  A storm dragon (shapeshifter) (Vaults:5)
  15 storm dragons
  Kirke (D:14)
  8 shadow dragons
  15 tengu reavers
  Donald (Snake:4)
  6 draconian monks
  10 fire giants
  7 nagarajas
  15 frost giants
  Ilsuiw (Shoals:4)
  10 azure jellies
  2 iron dragons (Depths:4)
  Louise (Depths:4)
  Aizul (Shoals:3)
  4 draconian knights
  6 draconian scorchers
  6 deep elf sorcerers (Elf:3)
  15 vault wardens
  A balrug (Depths:3)
  5 deep elf elementalists (Elf:3)
  2 orc warlords
  2 angels (Elf:2)
  3 draconian stormcallers
  A spriggan defender (Depths:2)
  17 ironheart preservers
  5 draconian shifters
  24 very ugly things
  2 war gargoyles (Vaults:5)
  5 vampire knights
  An entropy weaver (Vaults:2)
  5 draconian annihilators
  Azrael (Snake:3)
  21 stone giants
  11 deep elf annihilators
  12 black draconians
  13 green draconians
  6 purple draconians
  5 deep elf demonologists
  6 red draconians
  A dire elephant (Lair:6)
  13 yellow draconians
  13 white draconians
  4 deep elf death magi
  10 ettins
  11 spark wasps
  2 blizzard demons (IceCv)
  6 merfolk javelineers
  A minotaur (Lab)
  10 death oozes (Slime:5)
  15 yaktaur captains
  10 fire dragons
  Josephine (Shoals:1)
  8 merfolk impalers
  6 deep elf high priests
  15 ice dragons
  11 great orbs of eyes
  10 naga warriors
  36 vault guards
  7 hydras
  4 spriggan air magi
  5 rakshasas
  A catoblepas (Shoals:4)
  4 tengu warriors
  20 anacondas
  11 ogre magi
  6 alligator snapping turtles
  4 death knights
  2 satyrs (Shoals:3)
  13 centaur warriors
  28 two-headed ogres
  2 merfolk avatars
  4 deep troll shamans
  3 merfolk aquamancers (Shoals:4)
  5 death yaks
  28 dancing weapons
  10 deep troll earth magi
  11 shock serpents
  2 vampire magi
  A shock serpent (shapeshifter) (Depths:5)
  18 naga sharpshooters
  6 orc high priests
  3 spriggan berserkers
  3 sun demons
  23 deep elf knights
  A storm dragon skeleton (Depths:2)
  7 salamander mystics
  9 hell knights
  3 titan skeletons
  16 sea snakes
  2 sixfirhies
  3 shadow wraiths
  A skeletal warrior (Vaults:4)
  4 flayed ghosts
  2 spark wasp zombies (Depths:2)
  3 unseen horrors
  9 naga ritualists
  A glowing orange brain (shapeshifter) (Depths:1)
  A shadow demon (Depths:5)
  2 harpies (shapeshifter)
  17 deep elf archers
  21 ironbrand convokers
  5 wizards
  17 deep trolls
  4 lindwurms (Snake:4)
  2 tengu zombies
  10 glowing orange brains
  13 necromancers
  17 mana vipers
  15 orc knights
  4 phantasmal warriors
  A sphinx zombie (Depths:2)
  19 harpies
  A wolf spider (Vaults:2)
  10 cyclopes
  An oklob plant (Snake:2)
  4 shining eyes (Slime:5)
  59 deep elf magi
  A human zombie (Vaults:2)
  13 fauns
  A shining eye (shapeshifter) (Depths:2)
  6 orc sorcerers
  A stone giant zombie (Depths:2)
  54 slime creatures
  13 manticores
  49 ugly things
  The ghost of Angani the Nimble, a novice FeSk of Nemelex Xobeh (D:10)
  10 salamanders
  4 elephants (Lair:6)
  A human skeleton (Vaults:5)
  A black mamba (shapeshifter) (Vaults:3)
  2 rust devils
  8 guardian serpents
  21 naga magi
  18 moths of wrath
  7 merfolk sirens
  7 centaur zombies
  31 black mambas
  5 water nymphs
  3 smoke demons
  3 ice statues (IceCv)
  A toenail golem (Zot:4)
  10 vault sentinels
  A torpor snail (Lair:6)
  3 centaur skeletons
  3 eyes of devastation
  A gargoyle (D:14)
  A frost giant skeleton (Vaults:5)
  An orc skeleton (Vaults:2)
  An elf skeleton (Depths:2)
  A storm dragon simulacrum (Vaults:4)
  2 yaktaur zombies
  A hellion (Zot:5)
  14 spiny frogs
  6 komodo dragons
  An orange demon (Depths:5)
  A rime drake (shapeshifter) (D:15)
  A yaktaur (shapeshifter) (Vaults:2)
  7 freezing wraiths
  60 yaktaurs
  16 ice devils
  4 rime drakes
  A golden dragon simulacrum (Depths:2)
  5 tengu conjurers
  An anaconda simulacrum (IceCv)
  A red devil (Depths:5)
  6 hellwings
  A queen bee (shapeshifter) (Vaults:1)
  9 trolls
  A small abomination (Elf:2)
  2 jumping spiders (shapeshifter)
  28 merfolk
  7 polar bears
  8 wind drakes
  A troll (shapeshifter) (Vaults:1)
  5 hornets
  12 blink frogs
  Grinder (D:5)
  6 dream sheep (Lair:5)
  4 snapping turtles
  3 spriggan zombies (Depths:2)
  Prince Ribbit (D:6)
  2 blink frogs (shapeshifter)
  7 hippogriffs
  A centaur simulacrum (D:14)
  11 water elementals
  2 redbacks (Vaults:2)
  3 spriggans
  A vampire (D:15)
  A shadow (D:13)
  44 yaks
  11 air elementals
  A tarantella (Vaults:2)
  10 wraiths
  10 wyverns
  An ettin skeleton (Vaults:4)
  A spriggan skeleton (Depths:2)
  A human (shapeshifter) (Elf:1)
  3 fire bats (Lair:4)
  9 fire elementals
  5 hogs (D:14)
  4 golden eyes (Slime:5)
  3 chaos spawn (Depths:5)
  7 hungry ghosts
  4 human simulacra
  3 basilisks (D:9)
  A steam dragon (Lair:3)
  A neqoxec (Zot:5)
  6 harpy simulacra (IceCv)
  46 nagas
  5 vampire mosquitoes
  14 wargs
  A soldier ant (D:10)
  3 hydra simulacra (IceCv)
  24 water moccasins
  A soldier ant (shapeshifter) (Elf:2)
  An acid dragon (Vaults:1)
  8 porcupines
  A hell hound (Snake:3)
  A swamp drake (D:9)
  A floating eye (Depths:2)
  58 orc warriors
  A black bear (Lair:3)
  3 ice beasts
  2 sky beasts
  4 phantoms
  26 ogres
  An elf zombie (Vaults:5)
  4 boggarts (Depths:1)
  A centaur (shapeshifter) (Vaults:5)
  2 eyes of draining
  26 centaurs
  2 necrophages
  9 wolves
  A big kobold (D:13)
  16 crocodiles
  Blork the orc (D:5)
  6 bullfrogs
  A water moccasin zombie (D:12)
  A wyvern zombie (D:14)
  4 earth elementals
  2 wyvern skeletons
  3 troll zombies (D:11)
  3 scorpions
  5 killer bees (D:10)
  5 crimson imps
  5 quasits
  29 orc priests
  4 jellies
  6 hounds
  4 bullfrog skeletons
  2 iron imps
  32 orc wizards
  5 iguanas
  A hell rat (Lair:5)
  12 worker ants
  3 ogre zombies (D:11)
  A hound zombie (D:5)
  2 hound skeletons
  2 worker ant zombies
  Robin (D:4)
  9 adders
  8 shadow imps
  2 white imps
  An ufetubus (Depths:5)
  6 oozes
  An adder skeleton (D:8)
  8 worms
  A dart slug (D:1)
  10 leopard geckos
  98 orcs
  3 giant cockroaches
  12 goblins
  8 hobgoblins
  9 jackals
  11 kobolds
  2 quokkas
  A ball python (D:2)
  7 bats
  A frilled lizard (D:2)
  3 goblin zombies (D:11)
  2 hobgoblin skeletons (D:11)
  3 hobgoblin zombies (D:11)
  A jackal skeleton (D:4)
  11 orc zombies (D:11)
  6 rats
  14 butterflies (Elf:2)
  A crawling corpse (Elf:2)
  2 fungi
  3 plants
2407 creatures vanquished.

Vanquished Creatures (collateral kills)
  2 hydras (Lair:6)
  An elephant (Lair:6)
  A spiny frog (Lair:6)
  A rime drake (Lair:6)
  A wind drake (Lair:6)
  A blink frog (Lair:6)
  2 hippogriffs (Lair:6)
  A wolf (Lair:6)
  A crocodile (Lair:6)
  A butterfly (Lair:6)
12 creatures vanquished.

Vanquished Creatures (others)
  A centaur warrior (Vaults:2)
  A tengu warrior (Depths:2)
  A deep elf mage (Vaults:1)
  A spiny frog (Lair:5)
  A naga (Snake:2)
  A boggart (Depths:3)
  8 fungi
  21 plants
35 creatures vanquished.

Grand Total: 2454 creatures vanquished

Notes
Turn   | Place    | Note
-------+----------+-------------------------------------------
     0 | D:1      | freekh the Minotaur Berserker began the quest for the Orb.
     0 | D:1      | Reached XP level 1. HP: 19/19 MP: 0/0
   378 | D:1      | Reached skill level 4 in Fighting
   406 | D:1      | Reached XP level 2. HP: 27/27 MP: 1/1
  1061 | D:2      | Reached XP level 3. HP: 32/34 MP: 2/2
  1463 | D:2      | Reached ** piety under Trog
  1463 | D:2      | Reached skill level 5 in Fighting
  1549 | D:3      | Reached XP level 4. HP: 41/42 MP: 3/3
  2060 | D:3      | Found a faded altar of an unknown god.
  2294 | D:4      | Reached skill level 5 in Axes
  2294 | D:4      | Reached XP level 5. HP: 43/48 MP: 4/4
  2330 | D:4      | Got an ichor-stained leather armour
  2341 | D:4      | Identified the +1 leather armour of Watchfulness {Str+2 Dex+5} (You found it on level 4 of the Dungeon)
  2556 | D:4      | Noticed Robin
  2569 | D:4      | Killed Robin
  2583 | D:4      | Reached *** piety under Trog
  2834 | D:4      | Reached XP level 6. HP: 57/57 MP: 5/5
  3465 | D:5      | Entered Level 5 of the Dungeon
  3488 | D:5      | Noticed an ice beast
  3495 | D:5      | Killed an ice beast
  3495 | D:5      | Reached skill level 6 in Fighting
  3495 | D:5      | Reached skill level 5 in Armour
  3545 | D:5      | Reached XP level 7. HP: 49/63 MP: 6/6
  3705 | D:5      | Noticed Grinder
  3707 | D:5      | Paralysed by Grinder for 5 turns
  3724 | D:5      | Killed Grinder
  3998 | D:5      | Noticed Blork the orc
  4002 | D:5      | Killed Blork the orc
  4305 | D:5      | You fall through a shaft for 3 floors!
  4305 | D:8      | Found Yliemebesk's Antique Weapon Shoppe.
  4317 | D:8      | Reached XP level 8. HP: 71/71 MP: 7/7
  4320 | D:8      | Reached **** piety under Trog
  4321 | D:8      | Reached skill level 7 in Fighting
  4828 | D:6      | Found Duesim's Jewellery Boutique.
  5180 | D:6      | Reached skill level 8 in Fighting
  5180 | D:6      | Reached XP level 9. HP: 81/81 MP: 8/8
  5387 | D:6      | Noticed Prince Ribbit
  5393 | D:6      | Killed Prince Ribbit
  6007 | D:7      | Found a staircase to the Ecumenical Temple.
  6115 | D:7      | Reached skill level 10 in Axes
  6547 | D:8      | Got a smoking large shield
  6555 | D:8      | Identified the +1 large shield of the Gate {-Cast rPois rCorr Int+4} (You found it on level 8 of the Dungeon)
  6850 | D:6      | Bought an uncursed amulet of regeneration for 420 gold pieces
  6907 | D:8      | Reached skill level 9 in Fighting
  6907 | D:8      | Reached skill level 1 in Shields
  7273 | D:9      | Found a staircase to the Lair.
  7301 | D:9      | Reached XP level 10. HP: 67/91 MP: 9/9
  7401 | D:9      | Reached skill level 5 in Shields
  7603 | Lair:1   | Entered Level 1 of the Lair of Beasts
  7624 | Lair:1   | Noticed a spiny frog
  7635 | Lair:1   | Killed a spiny frog
  7699 | Lair:1   | Noticed a spiny frog
  7709 | Lair:1   | Killed a spiny frog
  7827 | Lair:1   | Found a glowing silver altar of Zin.
  7905 | Lair:1   | Reached skill level 10 in Fighting
  8017 | Lair:1   | Noticed a spiny frog
  8022 | Lair:1   | Killed a spiny frog
  8077 | Lair:1   | Noticed a spiny frog
  8083 | Lair:1   | Killed a spiny frog
  8088 | Lair:1   | Got a pearl-encrusted ring mail
  8100 | Lair:1   | Identified the +4 ring mail of the Lobster {rN+ MR+} (You found it on level 1 of the Lair of Beasts)
  8433 | Lair:2   | Noticed a spiny frog
  8437 | Lair:2   | Reached ***** piety under Trog
  8446 | Lair:2   | Killed a spiny frog
  8634 | Lair:2   | Reached XP level 11. HP: 81/101 MP: 10/10
  9135 | Lair:2   | Reached skill level 11 in Fighting
  9420 | Lair:3   | Reached skill level 10 in Shields
  9699 | D:10     | Entered Level 10 of the Dungeon
  9910 | Lair:3   | Received a gift from Trog
  9916 | Lair:3   | Found a staircase to the Shoals.
  9980 | Lair:3   | Found a staircase to the Snake Pit.
 10846 | Lair:4   | Noticed a four-headed hydra
 10858 | Lair:4   | Killed a nine-headed hydra
 10858 | Lair:4   | Reached XP level 12. HP: 112/112 MP: 11/11
 10931 | Lair:4   | Received a gift from Trog
 11281 | Lair:4   | Noticed a six-headed hydra
 11288 | Lair:4   | Killed a ten-headed hydra
 11288 | Lair:4   | Reached skill level 12 in Fighting
 11767 | Lair:5   | Noticed an eight-headed hydra
 11775 | Lair:5   | Killed a 13-headed hydra
 11775 | Lair:5   | Reached skill level 15 in Axes
 12076 | Lair:5   | Found a staircase to the Slime Pits.
 12585 | Lair:5   | Noticed a death yak
 12598 | Lair:5   | Killed a death yak
 12685 | Lair:6   | Entered Level 6 of the Lair of Beasts
 12740 | Lair:6   | Gained mutation: Scrolls take you a little longer to read. [potion of mutation]
 12740 | Lair:6   | Gained mutation: Your muscles are strong. (Str +2) [potion of mutation]
 12741 | Lair:6   | Lost mutation: Your muscles are strong. (Str +2) [potion of mutation]
 12741 | Lair:6   | Lost mutation: Scrolls take you a little longer to read. [potion of mutation]
 12741 | Lair:6   | Gained mutation: You tend to lose your temper in combat. [potion of mutation]
 12741 | Lair:6   | Gained mutation: Your muscles are strong. (Str +2) [potion of mutation]
 12742 | Lair:6   | Lost mutation: Your muscles are strong. (Str +2) [potion of mutation]
 12742 | Lair:6   | Lost mutation: You tend to lose your temper in combat. [potion of mutation]
 12742 | Lair:6   | Gained mutation: You occasionally shout uncontrollably at your foes. [potion of mutation]
 12742 | Lair:6   | Gained mutation: You have a pair of large horns on your head. [potion of mutation]
 12742 | Lair:6   | Gained mutation: You can translocate small distances at will. [potion of mutation]
 12785 | Lair:6   | Noticed a five-headed hydra
 12791 | Lair:6   | Reached XP level 13. HP: 99/119 MP: 12/12
 12806 | Lair:6   | Reached skill level 13 in Fighting
 12981 | Lair:6   | Noticed a dire elephant
 12990 | Lair:6   | Killed a dire elephant
 13664 | Lair:6   | Reached skill level 14 in Fighting
 14136 | D:10     | Noticed Angani's ghost (novice FeSk)
 14149 | D:10     | Killed Angani's ghost
 14749 | D:10     | Reached skill level 15 in Shields
 15383 | D:11     | Reached ****** piety under Trog
 15603 | D:11     | Reached skill level 10 in Armour
 15603 | D:11     | Reached XP level 14. HP: 133/133 MP: 13/13
 15670 | D:11     | Received a gift from Trog
 15672 | D:11     | Found a staircase to the Orcish Mines.
 16009 | D:12     | Reached skill level 15 in Fighting
 16012 | D:12     | Found a labyrinth entrance.
 16066 | Lab      | Entered a labyrinth
 16396 | Lab      | Identified the Volume of Torrid Talismans
 16632 | Orc:1    | Entered Level 1 of the Orcish Mines
 17120 | D:13     | Received a gift from Trog
 17670 | D:13     | Reached skill level 5 in Dodging
 18356 | D:14     | Reached skill level 16 in Fighting
 18371 | D:14     | Found a gate to the Vaults.
 18469 | D:14     | Noticed Kirke
 18491 | D:14     | Killed Kirke
 18566 | D:14     | Received a gift from Trog
 18869 | D:14     | Noticed Rupert
 18892 | D:14     | Killed Rupert
 19055 | D:14     | Reached XP level 15. HP: 131/145 MP: 4/14
 19102 | D:15     | Entered Level 15 of the Dungeon
 19535 | D:15     | Reached skill level 17 in Fighting
 19765 | D:15     | Found a staircase to the Depths.
 20128 | Orc:1    | Found Nynann's General Store.
 20141 | Orc:1    | Bought 2 potions of heal wounds for 140 gold pieces
 20415 | Orc:1    | Noticed an orc warlord
 20450 | Orc:1    | Killed an orc warlord
 20633 | Orc:2    | Entered Level 2 of the Orcish Mines
 20633 | Orc:2    | Found a staircase to the Elven Halls.
 20726 | Orc:2    | Noticed an orc warlord
 20739 | Orc:2    | Killed an orc warlord
 20988 | Orc:2    | Received a gift from Trog
 21498 | Orc:2    | Found Onej's General Store.
 21499 | Orc:2    | Found Istresk's Magic Scroll Emporium.
 21508 | Orc:2    | Found Wair's Antique Weapon Emporium.
 21511 | Orc:2    | Found Cacymp's Gadget Shoppe.
 21522 | Orc:2    | Received a gift from Trog
 21681 | Orc:2    | Bought a scroll of acquirement for 728 gold pieces
 21686 | Orc:2    | Got a pair of twisted gloves
 21698 | Orc:2    | Identified the +1 pair of gloves of the Elephant {rF+ Str-2 Int+5 Dex+2} (You acquired it on level 2 of the Orcish Mines)
 21719 | Orc:2    | Bought a potion of curing for 45 gold pieces
 21719 | Orc:2    | Bought a scroll of blinking for 112 gold pieces
 21719 | Orc:2    | Bought a potion of curing for 45 gold pieces
 21719 | Orc:2    | Bought a scroll of enchant armour for 112 gold pieces
 21727 | Orc:2    | Bought a scroll of enchant armour for 105 gold pieces
 21982 | Snake:1  | Entered Level 1 of the Snake Pit
 22472 | Snake:1  | Reached skill level 18 in Fighting
 22566 | Snake:1  | Found Hynint's Book Shop.
 22668 | Snake:1  | Reached skill level 1 in Evocations
 23171 | Snake:2  | Found a glowing golden altar of the Shining One.
 23287 | Snake:2  | Reached XP level 16. HP: 142/158 MP: 3/17
 23408 | Snake:2  | Received a gift from Trog
 24525 | Snake:3  | Noticed Azrael
 24543 | Snake:3  | Killed Azrael
 24543 | Snake:3  | Reached skill level 5 in Evocations
 24609 | Snake:3  | Reached skill level 19 in Fighting
 24971 | Snake:3  | Noticed Vashnia
 25043 | Snake:3  | Killed Vashnia
 25237 | Snake:3  | Got a bone war axe
 25240 | Snake:3  | Identified the +8 war axe of Analysis {freeze, +Blink Int+2} (You found it on level 3 of the Snake Pit)
 25426 | Snake:3  | Received a gift from Trog
 25716 | Snake:4  | Entered Level 4 of the Snake Pit
 25724 | Snake:4  | Noticed Donald
 25744 | Snake:4  | Killed Donald
 25944 | Snake:4  | Reached XP level 17. HP: 169/169 MP: 19/19
 26146 | Snake:4  | Reached skill level 20 in Fighting
 26508 | Snake:4  | Received a gift from Trog
 26527 | Snake:4  | Got a transparent broad axe {god gift}
 26543 | Snake:4  | Identified the +10 broad axe of Dismemberment {antimagic, *Drain rPois rN+++ Int+3} (Trog gifted it to you on level 4 of the Snake Pit)
 26555 | Snake:4  | Got a serpentine rune of Zot
 26860 | Shoals:1 | Entered Level 1 of the Shoals
 26873 | Shoals:1 | Noticed Josephine
 26899 | Shoals:1 | Killed Josephine
 27444 | Shoals:1 | Found Jythu's Magic Scroll Shop.
 27565 | Shoals:1 | Reached skill level 15 in Armour
 27676 | Shoals:1 | Bought a scroll of enchant weapon for 105 gold pieces
 27922 | Shoals:2 | Reached skill level 21 in Fighting
 28138 | Shoals:2 | Received a gift from Trog
 28144 | Shoals:2 | Reached XP level 18. HP: 182/182 MP: 20/20
 28949 | Shoals:3 | Found Cogarch's Gadget Emporium.
 29196 | Shoals:3 | Noticed Aizul
 29212 | Shoals:3 | Killed Aizul
 29294 | Shoals:4 | Entered Level 4 of the Shoals
 29370 | Shoals:4 | Got a fine iron ring
 29373 | Shoals:4 | Identified the ring of the Past {EV+4 Str+4 Int+4} (You found it on level 4 of the Shoals)
 29455 | Shoals:4 | Noticed Polyphemus
 29472 | Shoals:4 | Killed Polyphemus
 29535 | Shoals:4 | Received a gift from Trog
 29727 | Shoals:4 | Got a barnacled rune of Zot
 29745 | Shoals:4 | Noticed Ilsuiw
 29779 | Shoals:4 | Killed Ilsuiw
 29837 | Shoals:4 | Reached skill level 22 in Fighting
 29888 | Shoals:4 | Found Qisuogh's Jewellery Shop.
 29896 | Shoals:4 | Bought the ring of the Firefly {MR+ SInv} for 434 gold pieces
 30084 | Shoals:4 | Noticed Mara
 30105 | Shoals:4 | Killed Mara
 30458 | Elf:1    | Entered Level 1 of the Elven Halls
 30477 | Elf:1    | Found a radiant altar of Vehumet.
 30602 | Elf:1    | Found a frozen archway.
 30608 | IceCv    | Entered an ice cave
 30735 | IceCv    | Received a gift from Trog
 30813 | IceCv    | Reached XP level 19. HP: 167/193 MP: 21/21
 31233 | Elf:1    | Found Lipnap's General Store.
 31273 | Elf:1    | Bought a scroll of enchant armour for 82 gold pieces
 31924 | Elf:2    | Received a gift from Trog
 31952 | Elf:2    | Reached skill level 10 in Dodging
 32002 | Elf:2    | Found a glowing golden altar of the Shining One.
 32004 | Elf:2    | Found a glowing silver altar of Zin.
 32005 | Elf:2    | Found a ruined gateway.
 32020 | Elf:2    | Found a white marble altar of Elyvilon.
 32128 | Elf:2    | Noticed a Brimstone Fiend
 32186 | Elf:2    | Found a runed door.
 32397 | Elf:2    | Found a huge runed gate.
 32397 | Elf:2    | Found a huge runed gate.
 32397 | Elf:2    | Found a huge runed gate.
 32397 | Elf:2    | Found a huge runed gate.
 32414 | Elf:2    | Found a huge runed gate.
 32414 | Elf:2    | Found a huge runed gate.
 32417 | Elf:2    | Found a huge runed gate.
 32425 | Elf:2    | Found a huge runed gate.
 32452 | Elf:2    | Found a huge runed gate.
 32452 | Elf:2    | Found a huge runed gate.
 32453 | Elf:2    | Found a huge runed gate.
 32463 | Elf:2    | Found a huge runed gate.
 32463 | Elf:2    | Found a huge runed gate.
 32466 | Elf:2    | Found a huge runed gate.
 32477 | Elf:2    | Found a huge runed gate.
 32477 | Elf:2    | Found a huge runed gate.
 32477 | Elf:2    | Found a huge runed gate.
 32477 | Elf:2    | Found a huge runed gate.
 32478 | Elf:2    | Found a huge runed gate.
 32478 | Elf:2    | Found a huge runed gate.
 32478 | Elf:2    | Found a huge runed gate.
 32479 | Elf:2    | Found a huge runed gate.
 32479 | Elf:2    | Found a huge runed gate.
 32480 | Elf:2    | Found a huge runed gate.
 32542 | Elf:2    | Reached skill level 23 in Fighting
 32812 | Elf:2    | Found a runed door.
 32842 | Elf:2    | Received a gift from Trog
 33278 | Elf:3    | Entered Level 3 of the Elven Halls
 33912 | Elf:3    | Received a gift from Trog
 33927 | Elf:3    | Reached XP level 20. HP: 204/204 MP: 22/22
 34066 | Elf:3    | Got a heavily runed iron amulet
 34067 | Elf:3    | Identified the amulet "Vaysho" {Faith Str+5} (You took it off a deep elf archer on level 3 of the Elven Halls)
 34380 | Elf:3    | Got a twisted scale mail
 34382 | Elf:3    | Identified the cursed +1 scale mail "Qom Xitu" {Slay+5} (You found it on level 3 of the Elven Halls)
 34695 | Vaults:1 | Entered Level 1 of the Vaults
 34828 | Vaults:1 | Reached skill level 24 in Fighting
 34902 | Vaults:1 | Received a gift from Trog
 35160 | Vaults:1 | Lost mutation: You can translocate small distances at will. [potion of mutation]
 35160 | Vaults:1 | Lost mutation: You occasionally shout uncontrollably at your foes. [potion of mutation]
 35160 | Vaults:1 | Lost mutation: You have a pair of large horns on your head. [potion of mutation]
 35160 | Vaults:1 | Gained mutation: You are frail. (-10% HP) [potion of mutation]
 35160 | Vaults:1 | Gained mutation: You expend magic power (3 MP) to strengthen your wands. [potion of mutation]
 35160 | Vaults:1 | Gained mutation: Armour fits poorly on your strangely shaped body. [potion of mutation]
 35160 | Vaults:1 | Gained mutation: Your muscles are strong. (Str +2) [potion of mutation]
 35268 | D:13     | Lost mutation: Your muscles are strong. (Str +2) [potion of mutation]
 35268 | D:13     | Lost mutation: Armour fits poorly on your strangely shaped body. [potion of mutation]
 35268 | D:13     | Lost mutation: You are frail. (-10% HP) [potion of mutation]
 35268 | D:13     | Lost mutation: You expend magic power (3 MP) to strengthen your wands. [potion of mutation]
 35268 | D:13     | Gained mutation: You tend to lose your temper in combat. [potion of mutation]
 35268 | D:13     | Gained mutation: You can translocate small distances at will. [potion of mutation]
 35268 | D:13     | Gained mutation: You evolve. [potion of mutation]
 35268 | D:13     | Gained mutation: Your spells are a little harder to cast, but a little more powerful. [potion of mutation]
 35269 | D:13     | Lost mutation: Your spells are a little harder to cast, but a little more powerful. [potion of mutation]
 35269 | D:13     | Lost mutation: You tend to lose your temper in combat. [potion of mutation]
 35269 | D:13     | Lost mutation: You evolve. [potion of mutation]
 35269 | D:13     | Lost mutation: You can translocate small distances at will. [potion of mutation]
 35269 | D:13     | Gained mutation: You have large cloven feet. [potion of mutation]
 35269 | D:13     | Gained mutation: You have hoof-like feet. [potion of mutation]
 35270 | D:13     | Lost mutation: You have hoof-like feet. [potion of mutation]
 35270 | D:13     | Gained mutation: Your mind is acute. (Int +2) [potion of mutation]
 35270 | D:13     | Lost mutation: You have large cloven feet. [potion of mutation]
 35270 | D:13     | Gained mutation: Your mind is very acute. (Int +4) [potion of mutation]
 35270 | D:13     | Gained mutation: You are partially covered in molten scales. (AC +2) [potion of mutation]
 35560 | Vaults:1 | Received a gift from Trog
 35969 | Vaults:1 | Found Odi Mesch's Antique Armour Shoppe.
 36000 | Vaults:1 | Bought an embroidered cloak for 255 gold pieces
 36536 | Vaults:2 | Received a gift from Trog
 36608 | Vaults:2 | Found a staircase to the Crypt.
 36608 | Vaults:2 | Found a basalt altar of Yredelemnul.
 36609 | Vaults:2 | Found an ancient bone altar of Kikubaaqudgha.
 37018 | Vaults:2 | Found Juicw's Magic Scroll Shoppe.
 37043 | Vaults:2 | Bought a scroll of blinking for 172 gold pieces
 37143 | Vaults:2 | Reached XP level 21. HP: 216/216 MP: 23/23
 37350 | Vaults:2 | Reached skill level 25 in Fighting
 37740 | Vaults:3 | Received a gift from Trog
 37862 | Vaults:3 | Noticed Jorgrun
 37872 | Vaults:3 | Killed Jorgrun
 38142 | Vaults:3 | Received a gift from Trog
 38348 | Vaults:3 | Reached XP level 22. HP: 228/228 MP: 24/24
 39247 | Vaults:4 | Reached skill level 26 in Fighting
 39697 | Vaults:4 | Received a gift from Trog
 40090 | Vaults:4 | Received a gift from Trog
 40285 | Vaults:5 | Entered Level 5 of the Vaults
 40296 | Vaults:5 | Reached XP level 23. HP: 238/238 MP: 25/25
 40341 | Vaults:5 | Received a gift from Trog
 40348 | Vaults:5 | Reached skill level 27 in Fighting
 40657 | Vaults:5 | Got twisted ice dragon scales
 40668 | Vaults:5 | Identified the cursed +1 ice dragon scales of Terror {rF- rC++ Regen+ rCorr Dex-5} (You took it off a death knight on level 5 of the Vaults)
 40695 | Vaults:5 | Got a silver rune of Zot
 40803 | Vaults:5 | Noticed an ancient lich
 40823 | Vaults:5 | Killed an ancient lich
 40861 | Vaults:5 | Received a gift from Trog
 41210 | Vaults:5 | Noticed Xtahua
 41219 | Vaults:5 | Killed Xtahua
 41545 | Vaults:5 | Received a gift from Trog
 41818 | Vaults:5 | Noticed an ancient lich
 41834 | Vaults:5 | Killed an ancient lich
 41834 | Vaults:5 | Reached XP level 24. HP: 239/249 MP: 25/25
 42185 | Depths:1 | Entered Level 1 of the Depths
 42462 | Depths:1 | Found a gateway to Hell.
 42658 | Depths:1 | Found an ancient bone altar of Kikubaaqudgha.
 42777 | Depths:1 | Found a runed warning-scrawled door.
 42779 | Depths:1 | Found a runed door.
 42805 | Depths:1 | Found a runed door.
 43185 | Depths:2 | Received a gift from Trog
 43247 | Depths:2 | Found a one-way gate leading to the halls of Pandemonium.
 43370 | Depths:2 | Noticed Sojobo
 43391 | Depths:2 | Received a gift from Trog
 43423 | Depths:2 | Killed Sojobo
 43426 | Depths:2 | Reached skill level 15 in Dodging
 43531 | Depths:2 | Noticed Nikola
 43573 | Depths:2 | Received a gift from Trog
 43576 | Depths:2 | Paralysed by a floating eye for 4 turns
 43586 | Depths:2 | Killed Nikola
 43621 | Depths:2 | Reached XP level 25. HP: 257/257 MP: 25/25
 43998 | Depths:2 | Lost mutation: Your mind is very acute. (Int +4) [a shining eye]
 44290 | Depths:3 | Found a gateway to a ziggurat.
 44366 | Depths:3 | Received a gift from Trog
 44398 | Depths:3 | Noticed Margery
 44410 | Depths:3 | Killed Margery
 44418 | Depths:3 | Received a gift from Trog
 44795 | Depths:3 | Received a gift from Trog
 45473 | Depths:4 | Found a one-way gate to the infinite horrors of the Abyss.
 45474 | Depths:4 | Noticed Louise
 45486 | Depths:4 | Killed Louise
 45550 | Depths:4 | Noticed a juggernaut
 45577 | Depths:4 | Killed a juggernaut
 45622 | Depths:4 | Got a faintly glowing jade ring
 45647 | Depths:4 | Identified the ring "Uklujuom" {rElec rPois rF+ MR+ Stlth+} (You took it off a deep elf annihilator on level 4 of the Depths)
 45722 | Depths:4 | Received a gift from Trog
 45733 | Depths:4 | Got a faintly glowing amber ring
 45769 | Depths:4 | Identified the ring of Sifintych {*Corrode rPois rC+ Dex+3 Stlth+} (You took it off a fire giant on level 4 of the Depths)
 45770 | Depths:4 | Identified the cursed +0 scale mail of the Nexus {Int+6} (You found it on level 4 of the Depths)
 45981 | Depths:4 | Reached XP level 26. HP: 249/266 MP: 25/25
 46339 | Depths:5 | Entered Level 5 of the Depths
 46582 | Depths:5 | Received a gift from Trog
 46883 | Depths:5 | Noticed Boris
 46896 | Depths:5 | Killed Boris
 47049 | Depths:5 | Found a runed door.
 47086 | Depths:5 | Found a runed door.
 47101 | Depths:5 | Found a runed door.
 47311 | Depths:5 | Found a runed door.
 47365 | Depths:5 | Found a runed door.
 47373 | Depths:5 | Received a gift from Trog
 47890 | Slime:1  | Entered Level 1 of the Pits of Slime
 48040 | Slime:5  | Entered Level 5 of the Pits of Slime
 48048 | Slime:5  | Noticed Dissolution
 48055 | Slime:5  | Paralysed by a floating eye for 3 turns
 48058 | Slime:5  | Lost mutation: Your mind is acute. (Int +2) [a shining eye]
 48058 | Slime:5  | Gained mutation: You are dopey. (Int -2) [a shining eye]
 48065 | Slime:5  | Paralysed by a floating eye for 4 turns
 48074 | Slime:5  | Killed Dissolution
 48082 | Slime:5  | Gained mutation: You are frail. (-10% HP) [a shining eye]
 48084 | Slime:5  | Gained mutation: You can translocate small distances at will. [a shining eye]
 48153 | Slime:5  | Gained mutation: You are very dopey. (Int -4) [a shining eye]
 48155 | Slime:5  | Gained mutation: You expend magic power (3 MP) to strengthen your wands. [a shining eye]
 48209 | Slime:5  | Gained mutation: You occasionally shout uncontrollably at your foes. [a shining eye]
 48211 | Slime:5  | Gained mutation: Scrolls take you a little longer to read. [a shining eye]
 48212 | Slime:5  | Received a gift from Trog
 48213 | Slime:5  | Gained mutation: Your magical capacity is low. (-10% MP) [a shining eye]
 48228 | Slime:5  | Noticed the Royal Jelly
 48243 | Slime:5  | Killed the Royal Jelly
 48367 | Slime:5  | Got a slimy rune of Zot
 48377 | Slime:5  | Got a flickering iron ring
 48379 | Slime:5  | Identified the ring of Kurhudoi {rElec Stlth+} (You found it on level 5 of the Pits of Slime)
 48518 | Slime:5  | Lost mutation: You can translocate small distances at will. [potion of mutation]
 48518 | Slime:5  | Lost mutation: Your magical capacity is low. (-10% MP) [potion of mutation]
 48518 | Slime:5  | Gained mutation: Your natural rate of healing is unusually fast. [potion of mutation]
 48520 | Slime:5  | Lost mutation: Your natural rate of healing is unusually fast. [potion of mutation]
 48520 | Slime:5  | Lost mutation: Scrolls take you a little longer to read. [potion of mutation]
 48520 | Slime:5  | Gained mutation: Your muscles are strong. (Str +2) [potion of mutation]
 48521 | Slime:5  | Lost mutation: You expend magic power (3 MP) to strengthen your wands. [potion of mutation]
 48521 | Slime:5  | Lost mutation: You are frail. (-10% HP) [potion of mutation]
 48521 | Slime:5  | Lost mutation: You are partially covered in molten scales. (AC +2) [potion of mutation]
 48521 | Slime:5  | Lost mutation: Your muscles are strong. (Str +2) [potion of mutation]
 48521 | Slime:5  | Lost mutation: You occasionally shout uncontrollably at your foes. [potion of mutation]
 48521 | Slime:5  | Lost mutation: You are very dopey. (Int -4) [potion of mutation]
 48521 | Slime:5  | Gained mutation: You tend to lose your temper in combat. [potion of mutation]
 48521 | Slime:5  | Gained mutation: You have a pair of large horns on your head. [potion of mutation]
 48521 | Slime:5  | Gained mutation: You are somewhat resistant to further mutation. [potion of mutation]
 48566 | Slime:2  | Reached XP level 27. HP: 273/273 MP: 25/25
 48709 | Lair:1   | Lost mutation: You tend to lose your temper in combat. [potion of mutation]
 48709 | Lair:1   | Lost mutation: You are somewhat resistant to further mutation. [potion of mutation]
 48709 | Lair:1   | Lost mutation: You have a pair of large horns on your head. [potion of mutation]
 48709 | Lair:1   | Lost mutation: You are dopey. (Int -2) [potion of mutation]
 48709 | Lair:1   | Gained mutation: You are partially covered in thin metallic scales. (AC +2) [potion of mutation]
 48709 | Lair:1   | Gained mutation: Your flesh is heat resistant. (rF+) [potion of mutation]
 49190 | Depths:5 | Found a runed door.
 49249 | Depths:5 | Found a gate to the Realm of Zot.
 49390 | Zot:1    | Entered Level 1 of the Realm of Zot
 50069 | Zot:4    | Received a gift from Trog
 50496 | Zot:5    | Entered Level 5 of the Realm of Zot
 50903 | Zot:5    | Noticed an ancient lich
 50908 | Zot:5    | Received a gift from Trog
 50909 | Zot:5    | Noticed an orb of fire
 50911 | Zot:5    | Noticed an orb of fire
 50912 | Zot:5    | Noticed an orb of fire
 50915 | Zot:5    | Noticed an orb of fire
 50923 | Zot:5    | Noticed an ancient lich
 50924 | Zot:5    | Noticed an orb of fire
 50925 | Zot:5    | Noticed an ancient lich
 50925 | Zot:5    | Gained mutation: Your magical capacity is low. (-10% MP) [an orb of fire]
 50926 | Zot:5    | Killed an ancient lich
 50926 | Zot:5    | Gained mutation: Scrolls take you a little longer to read. [an orb of fire]
 50928 | Zot:5    | Gained mutation: Scrolls take you longer to read. [an orb of fire]
 50929 | Zot:5    | Gained mutation: You expend magic power (3 MP) to strengthen your wands. [an orb of fire]
 50929 | Zot:5    | Gained mutation: You are dopey. (Int -2) [an orb of fire]
 50931 | Zot:5    | Gained mutation: Your magical capacity is very low. (-20% MP) [an orb of fire]
 50935 | Zot:5    | Killed an orb of fire
 50935 | Zot:5    | Gained mutation: You are frail. (-10% HP) [an orb of fire]
 50937 | Zot:5    | Lost mutation: Your flesh is heat resistant. (rF+) [an orb of fire]
 50938 | Zot:5    | Gained mutation: You occasionally shout uncontrollably at your foes. [an orb of fire]
 50943 | Zot:5    | Noticed an orb of fire
 50948 | Zot:5    | Gained mutation: You are weak. (Str -2) [an orb of fire]
 50950 | Zot:5    | Killed an orb of fire
 50956 | Zot:5    | Gained mutation: You are clumsy. (Dex -2) [an orb of fire]
 50957 | Zot:5    | Killed an orb of fire
 50959 | Zot:5    | Killed an orb of fire
 50961 | Zot:5    | Killed an ancient lich
 50964 | Zot:5    | Killed an ancient lich
 50969 | Zot:5    | Killed an orb of fire
 50974 | Zot:5    | Gained mutation: Your body sometimes deteriorates upon taking damage. [an orb of fire]
 50975 | Zot:5    | Killed an orb of fire
 50981 | Zot:5    | Noticed an ancient lich
 51001 | Zot:5    | Killed an ancient lich
 51085 | Zot:5    | Noticed an ancient lich
 51091 | Zot:5    | Noticed an orb of fire
 51098 | Zot:5    | Killed an ancient lich
 51109 | Zot:5    | Killed an orb of fire
 51256 | Zot:5    | Received a gift from Trog
 51425 | Zot:5    | Got the Orb of Zot
 51493 | Zot:5    | Noticed Inos Axy the pandemonium lord
 51523 | Zot:5    | Killed Inos Axy the pandemonium lord
 51657 | Zot:1    | Noticed Mecinias the pandemonium lord
 51673 | Zot:1    | Killed Mecinias the pandemonium lord
 51679 | Zot:1    | Noticed Qamn the pandemonium lord
 51701 | Zot:1    | Killed Qamn the pandemonium lord
 51764 | Depths:5 | Noticed Purphag the pandemonium lord
 51791 | Depths:4 | You fall through a shaft!
 51968 | Depths:1 | Noticed Gov Yluk the pandemonium lord
 52384 | D:$      | Escaped with the Orb!

Skill      XL: |  1  2  3  4  5  6  7  8  9 10 11 12 13 14 15 16 17 18 19 20 21 22 23 24 25 26 27 |
---------------+----------------------------------------------------------------------------------+-----
Fighting       | 4 5 6 8 9 10 11 12 14 16 18 19 21 22 23 24 25 26 27 | 27.0
Axes           | 4 5 6 7 9 11 12 14 16 17 18 25 | 25.0
Armour         | 3 4 5 6 8 10 13 15 17 19 22 24 25 | 25.4
Dodging        | 3 6 9 12 13 16 19 21 24 | 24.6
Shields        | 4 8 11 13 15 16 17 18 19 20 21 22 25 | 25.8
Evocations     | 2 5 |  5.1
Summonings     | 2 |  2.2

Action                   |  1- 3 |  4- 6 |  7- 9 | 10-12 | 13-15 | 16-18 | 19-21 | 22-24 | 25-27 || total
-------------------------+-------+-------+-------+-------+-------+-------+-------+-------+-------++-------
Melee: Hand axe          |    72 |    83 |       |       |       |       |       |       |       ||   155
       Headbutt          |    10 |    18 |    45 |   122 |   334 |   424 |   367 |   352 |   857 ||  2529
       War axe           |       |    25 |   221 |   437 |   356 |       |       |       |       ||  1039
       Broad axe         |       |       |       |       |   786 |  1459 |  1187 |  1020 |  2170 ||  6622
       Lance             |       |       |       |       |       |       |    28 |       |       ||    28
Invok: Berserk           |       |     1 |     3 |     6 |    15 |    12 |     3 |     6 |     5 ||    51
       Burn Spellbooks   |       |     1 |     1 |     2 |     2 |     3 |     4 |     6 |     3 ||    22
       Brothers in Arms  |       |       |       |     1 |     2 |       |       |       |       ||     3
       Trog's Hand       |       |       |       |       |     6 |    14 |     4 |     6 |    13 ||    43
Evoke: Wand              |       |       |       |       |       |     1 |       |     4 |       ||     5
       Lightning rod     |       |       |       |       |       |     1 |       |       |       ||     1
  Use: Scroll            |     1 |     8 |    12 |    11 |    18 |    17 |    20 |    11 |    10 ||   108
       Potion            |       |       |       |     3 |     1 |     6 |     5 |     4 |    16 ||    35
 Stab: Confused          |       |       |     1 |       |       |       |       |       |       ||     1
       Distracted        |       |       |       |       |       |       |       |     1 |     1 ||     2
  Eat: Chunk             |     2 |     5 |    14 |    19 |    54 |    36 |    29 |    23 |    32 ||   214
       Royal jelly       |       |     1 |       |     2 |     1 |     7 |     2 |     3 |       ||    16
       Fruit             |       |       |       |       |       |     3 |     6 |     4 |     2 ||    15
       Bread ration      |       |       |       |       |       |     1 |       |       |     2 ||     3
Armor: Scale mail        |    23 |       |       |       |       |       |       |       |       ||    23
       Animal skin       |     2 |       |       |       |       |       |       |       |       ||     2
       Plate armour      |    13 |    67 |   130 |   131 |   388 |   486 |   255 |   288 |   143 ||  1901
       Gold dragon scale |       |       |       |       |       |       |       |       |   417 ||   417
Dodge: Dodged            |    39 |    32 |    60 |    55 |   193 |   406 |   296 |   368 |  1009 ||  2458
Block: Large shield      |       |       |    27 |   381 |  1062 |  1604 |  1057 |  1059 |  2414 ||  7604
